 Dungeon Crawl Stone Soup version 0.21.1-1-g345015f (webtiles) character file.

66752 VLARC the Fighter (level 15, -18/159 HPs)
             Began as an Ogre Ice Elementalist on Mar 22, 2018.
             Was the Champion of Kikubaaqudgha.
             Demolished by a death yak simulacrum (41 damage)
             ... in an ice cave.
             The game lasted 02:18:16 (40183 turns).

VLARC the Fighter (Ogre Ice Elementalist)          Turns: 40183, Time: 02:18:17

Health: -18/159    AC: 12    Str: 16    XL:     15   Next: 20%
Magic:  21/34      EV: 11    Int: 21    God:    Kikubaaqudgha [******]
Gold:   2552       SH:  0    Dex:  9    Spells: 2/27 levels left

rFire    . . .     SeeInvis .   e - +2 scimitar (flame)
rCold    . . .     Gourm    .   (no shield)
rNeg     . . .     Faith    .   K - +0 troll leather armour
rPois    .         Spirit   .   (helmet restricted)
rElec    .         Reflect  .   (no cloak)
rCorr    .         Harm     .   (gloves unavailable)
MR       ++...                  (boots unavailable)
Stlth    +.........             (no amulet)
HPRegen  0.76/turn              n - ring of protection from magic
MPRegen  0.24/turn              C - ring of magical power

@: icy armour, very slightly contaminated, invisible, slow
A: large, unfitting armour, tough skin 1
a: Receive Corpses, Torment, Brand Weapon With Pain, Receive Necronomicon,
Renounce Religion


You were in an ice cave.
You worshipped Kikubaaqudgha.
Kikubaaqudgha was exalted by your worship.
You were not hungry.

You visited 4 branches of the dungeon, and saw 23 of its levels.
You also visited: Ice Cave and Volcano.

You collected 2552 gold pieces.

Inventory:

Hand Weapons
 e - a +2 scimitar of flaming (weapon)
 l - a +1 whip of electrocution
 Z - a +9 giant spiked club
Armour
 K - a +0 troll leather armour (worn)
 Q - the +3 hat of Pondering {ponderous, MR+ MP+10 Int+5}
   (You took it off Gastronok on level 10 of the Dungeon)

   It affects your intelligence (+5).
   It affects your resistance to hostile enchantments.
   It affects your magic capacity (+10).
 X - +0 ice dragon scales
Jewellery
 a - a +5 ring of intelligence
 n - a ring of protection from magic (left hand)
 C - a ring of magical power (right hand)
 E - an uncursed ring of poison resistance
 T - an uncursed ring of fire
 U - a cursed amulet of inaccuracy {unknown}
 V - an uncursed ring of resist corrosion
Wands
 u - a wand of digging (52)
 w - a wand of paralysis (10)
 D - a wand of acid (11)
 F - a wand of flame (2)
 H - a wand of random effects (54)
 J - a wand of iceblast (13)
 L - a wand of scattershot (8)
 M - a wand of polymorph (16)
 S - a wand of enslavement (7)
Scrolls
 c - 2 scrolls of enchant weapon
 j - 3 scrolls of teleportation
 m - 17 scrolls of remove curse
 t - 3 scrolls of fog
 x - a scroll of magic mapping
 y - 5 scrolls of identify
 B - a scroll of silence
 P - 6 scrolls of amnesia
 W - a scroll of enchant armour
 Y - 3 scrolls of fear
Potions
 b - a potion of brilliance {unknown}
 d - 6 potions of might
 h - 2 potions of berserk rage
 i - 6 potions of lignification
 k - 7 potions of curing
 o - 2 potions of resistance
 p - 3 potions of cancellation
 q - 2 potions of heal wounds
 r - 2 potions of ambrosia
 v - 4 potions of mutation {unknown}
 z - a potion of flight
 A - 4 potions of agility
Books
 G - a book of Power

   Spells                             Type                      Level
   a - Iskenderun's Battlesphere      Conjuration/Charms           5
   b - Venom Bolt                     Conjuration/Poison           5
   c - Bolt of Magma                  Conjuration/Fire/Earth       5
   d - Iron Shot                      Conjuration/Earth            6
   e - Orb of Destruction             Conjuration                  7
   f - Spellforged Servitor           Conjuration/Summoning        7
 I - Kikubaaqudgha's Reference Book on Unholy Secrets
   (Kikubaaqudgha gifted it to you on level 9 of the Dungeon)

   Spells                             Type                      Level
   a - Excruciating Wounds            Charms/Necromancy            5
   b - Bolt of Draining               Conjuration/Necromancy       5
   c - Dispel Undead                  Necromancy                   5
   d - Simulacrum                     Ice/Necromancy               6
   e - Death Channel                  Necromancy                   6
 O - a book of Geomancy

   Spells                             Type                      Level
   a - Sandblast                      Earth                        1
   b - Passwall                       Transmutation/Earth          2
   c - Stone Arrow                    Conjuration/Earth            3
   d - Petrify                        Transmutation/Earth          4
   e - Lee's Rapid Deconstruction     Earth                        5
Miscellaneous
 N - a sack of spiders
 R - 2 boxes of beasts
Comestibles
 f - 14 rations
 s - 8 chunks of flesh


   Skills:
 - Level 13.0 Fighting
 - Level 10.0 Maces & Flails
 + Level 5.2 Armour
 + Level 6.1 Dodging
 - Level 1.4 Stealth
 - Level 6.7 Spellcasting
 - Level 10.0 Conjurations
 - Level 7.1 Summonings
 - Level 10.2 Necromancy
 - Level 7.2 Ice Magic
 - Level 5.2 Earth Magic


You had 2 spell levels left.
You knew the following spells:

 Your Spells              Type           Power        Failure   Level  Hunger
a - Freeze                Ice            ####         1%          1    None
b - Ozocubu's Armour      Chrm/Ice       ###.....     7%          3    #......
c - Summon Ice Beast      Ice/Summ       #####...     5%          4    ###....
d - Animate Skeleton      Necr           N/A          1%          1    None
e - Bolt of Draining      Conj/Necr      #####.....   4%          5    #####..
f - Iron Shot             Conj/Erth      #####.....   56%         6    ######.
g - Sublimation of Blood  Necr           ######....   1%          2    None
h - Apportation           Tloc           #.....       11%         1    None
i - Blink                 Tloc           N/A          16%         2    None


Dungeon Overview and Level Annotations

Branches:
Dungeon (15/15)            Temple (1/1) D:4            Lair (6/6) D:9
  Swamp (0/4) Lair:3       Spider (0/4) Lair:2        Slime (0/5) Lair:5
    Orc (1/2) D:10         Vaults (0/5) D:14         Depths (0/5) D:15

Altars:
Ashenzari
Cheibriados
Dithmenos
Elyvilon
Fedhas
Gozag
Hepliaklqana
Kikubaaqudgha
Makhleb
Nemelex Xobeh
Okawaru
Qazlal
Ru
Sif Muna
Trog
Uskayaw
Vehumet
Wu Jian
Xom
Yredelemnul
Zin
The Shining One
Beogh

Shops:
D:10 :   D:12 =   D:13 =   D:14 [

Annotations:
Orc:1 Josephine


Innate Abilities, Weirdness & Mutations

You are too large for most types of armour.
You have tough skin. (AC +1)


Message History

Your ice beast freezes the swamp dragon simulacrum.
The swamp dragon simulacrum completely resists.
The swamp dragon simulacrum bites your ice beast!
The swamp dragon simulacrum freezes your ice beast.
Your ice beast completely resists.
The swamp dragon simulacrum barely misses your ice beast.
The swamp dragon simulacrum tramples your ice beast.
The swamp dragon simulacrum freezes your ice beast.
Your ice beast completely resists.
The death yak simulacrum gores you but does no damage.
You are very lightly contaminated with residual magic.
You feel much better.
The elephant simulacrum tramples your ice beast but does no damage.
The elephant simulacrum trunk-slaps your ice beast but does no damage.
Your ice beast barely misses the swamp dragon simulacrum.
The death yak simulacrum gores you!
* * * LOW HITPOINT WARNING * * *
The death yak simulacrum freezes you!!!
You die...
Kikubaaqudgha rasps: "You have failed me!
Welcome... death!"

#...#
##...
#...#
##...##
##.....##
#...∩Z..#
#.....Y.#
##..ZZ.##
##..@##
#####


You could see a death yak simulacrum, an elephant simulacrum, a swamp dragon
simulacrum and a friendly ice beast.

Vanquished Creatures
  Rupert (Lair:6)
  An ice dragon (Lair:6)
  A hydra (Lair:1)
  2 catoblepae
  2 centaur warriors
  Erica (D:11)
  An ogre mage (D:15)
  4 two-headed ogres (D:15)
  A death knight (D:14)
  A death yak (Lair:2)
  The ghost of Ferkelamun the Blocker, a novice GnFi of Okawaru (D:8)
  An orc high priest (Orc:1)
  6 skeletal warriors
  A phantasmal warrior (D:14)
  2 lindwurms
  A necromancer (D:14)
  A harpy (shapeshifter) (D:14)
  4 orc knights
  2 cyclopes
  An elephant (Lair:4)
  5 ugly things
  A black mamba (Lair:5)
  A torpor snail (Lair:6)
  An ice statue (Lair:6)
  2 spiny frogs
  3 centaur zombies
  A kobold demonologist (D:14)
  An efreet (D:9)
  A rime drake (Orc:1)
  A freezing wraith (D:13)
  3 komodo dragons
  An ice devil (Lair:6)
  7 polar bears
  3 tyrant leeches (Lair:6)
  4 trolls
  4 hornets (Lair:6)
  A wolf spider simulacrum (IceCv)
  A dream sheep (D:10)
  3 hippogriffs
  3 blink frogs
  3 slime creatures (D:14)
  Sigmund (D:5)
  A basilisk (D:12)
  6 wraiths
  A shadow (D:14)
  4 wyverns
  Eustachio (D:6)
  16 yaks
  7 vampire mosquitoes
  An acid dragon (D:15)
  A swamp worm (Lair:3)
  A hell hound (Lair:6)
  5 porcupines
  2 water moccasins
  8 ice beasts
  A phantom (D:6)
  19 orc warriors
  3 necrophages
  4 sky beasts
  11 ogres
  An eye of draining (D:13)
  A wolf (Orc:1)
  12 crocodiles
  6 centaurs
  2 big kobolds
  A wyvern zombie (D:6)
  10 bullfrogs
  2 wyvern skeletons
  3 scorpions
  6 wights
  10 killer bees
  3 howler monkeys
  5 crimson imps
  2 bullfrog zombies
  4 hounds
  8 jellies
  7 orc priests
  26 orc wizards
  2 bullfrog skeletons
  A centaur skeleton (D:9)
  2 iguanas
  A hell rat (Lair:2)
  11 worker ants
  2 hound zombies
  A hound skeleton (D:7)
  A howler monkey zombie (D:7)
  4 gnolls
  10 adders
  5 river rats
  A shadow imp (D:5)
  A white imp (Lair:6)
  2 adder zombies
  5 worms
  An adder skeleton (D:4)
  2 dart slugs
  4 leopard geckos
  97 orcs
  A ball python (D:3)
  4 bats
  3 giant cockroaches
  8 goblins
  6 hobgoblins
  14 jackals
  10 kobolds
  8 quokkas
  5 frilled lizards
  A quokka skeleton (D:4)
  8 rats
508 creatures vanquished.

Vanquished Creatures (collateral kills)
  Gastronok (D:10)
  A fire giant (D:15)
  Snorg (Lair:3)
  3 hydras
  3 two-headed ogres
  4 death yaks
  Urug (D:10)
  An unseen horror (D:11)
  2 cyclopes
  An ugly thing (D:11)
  4 torpor snails (Lair:6)
  A black mamba (Lair:2)
  8 spiny frogs
  3 rime drakes
  5 komodo dragons
  A troll (D:11)
  7 jumping spiders (Lair:2)
  4 polar bears
  4 hornets (Lair:6)
  A tyrant leech (Lair:6)
  A dream sheep (D:10)
  4 hippogriffs
  5 blink frogs
  3 redbacks (Lair:2)
  A tarantella (shapeshifter) (D:12)
  26 yaks
  A wraith (D:9)
  3 basilisks
  4 vampire mosquitoes
  A steam dragon (D:9)
  3 hungry ghosts
  A hell hound (Lair:6)
  7 water moccasins
  3 porcupines
  2 sky beasts
  3 orc warriors
  3 ogres
  5 wolves (Lair:1)
  A centaur (D:9)
  A crocodile (Lair:4)
  5 big kobolds
  4 bullfrogs
  A scorpion (D:9)
  6 killer bees
  3 wights
  2 electric eels
  2 howler monkeys
  A centaur zombie (D:9)
  8 jellies
  A hell rat (Lair:2)
  An orc wizard (D:13)
  An adder (D:8)
  4 river rats (Lair:2)
  2 white imps (Lair:6)
  23 orcs
  A kobold (D:10)
  5 fungi
204 creatures vanquished.

Vanquished Creatures (others)
  An orc wizard (D:8)
  A hound zombie (D:9)
  27 fungi
  39 plants
  11 toadstools (Lair:4)
79 creatures vanquished.

Grand Total: 791 creatures vanquished

Notes
Turn   | Place    | Note
-------+----------+-------------------------------------------
     0 | D:1      | VLARC the Ogre Ice Elementalist began the quest for the Orb.
     0 | D:1      | Reached XP level 1. HP: 16/16 MP: 3/3
   376 | D:1      | Reached XP level 2. HP: 24/24 MP: 3/5
   980 | D:2      | Reached XP level 3. HP: 25/31 MP: 2/6
  1202 | D:1      | Learned a level 3 spell: Ozocubu's Armour
  1339 | D:2      | Reached XP level 4. HP: 31/39 MP: 0/7
  2231 | D:3      | Reached skill level 1 in Fighting
  2733 | D:3      | Reached skill level 2 in Fighting
  2820 | D:3      | Reached XP level 5. HP: 40/49 MP: 2/8
  3887 | D:3      | Reached skill level 3 in Fighting
  4136 | D:4      | Reached skill level 5 in Ice Magic
  4496 | D:3      | Reached XP level 6. HP: 58/62 MP: 1/9
  4569 | D:4      | Reached skill level 4 in Fighting
  5001 | D:4      | Found a staircase to the Ecumenical Temple.
  5007 | Temple   | Entered the Ecumenical Temple
  5099 | Temple   | Became a worshipper of Kikubaaqudgha
  5163 | D:5      | Entered Level 5 of the Dungeon
  5181 | D:5      | Noticed Sigmund
  5364 | D:6      | Noticed Eustachio
  5433 | D:5      | Noticed a sky beast
  5456 | D:5      | Killed a sky beast
  5462 | D:5      | Reached skill level 5 in Fighting
  5469 | D:5      | Noticed an ice beast
  5530 | D:5      | Reached XP level 7. HP: 59/72 MP: 4/10
  5615 | D:5      | Learned a level 4 spell: Summon Ice Beast
  5862 | D:5      | Reached skill level 6 in Fighting
  6076 | D:5      | Killed Sigmund
  6076 | D:5      | Reached skill level 7 in Fighting
  6076 | D:5      | Reached XP level 8. HP: 79/87 MP: 11/11
  6445 | D:6      | Reached * piety under Kikubaaqudgha
  6445 | D:6      | Identified Kikubaaqudgha's Guide on Dark Magic (Kikubaaqudgha gifted it to you on level 6 of the Dungeon)
  6445 | D:6      | Received a gift from Kikubaaqudgha
  6496 | D:6      | Learned a level 1 spell: Animate Skeleton
  6513 | D:6      | Reached skill level 8 in Fighting
  6545 | D:6      | Learned a level 2 spell: Sublimation of Blood
  6911 | D:6      | Reached skill level 1 in Summonings
  7000 | D:6      | Killed Eustachio
  7409 | D:6      | Reached skill level 9 in Fighting
  7519 | D:6      | Reached XP level 9. HP: 98/98 MP: 12/12
  7699 | D:7      | Noticed a two-headed ogre
  8030 | D:7      | Reached skill level 5 in Summonings
  8750 | D:7      | Killed a two-headed ogre
  8750 | D:7      | Reached skill level 10 in Fighting
  9238 | D:8      | Noticed Ferkelamun's ghost (novice GnFi)
  9404 | D:7      | Reached ** piety under Kikubaaqudgha
  9978 | D:9      | Reached XP level 10. HP: 92/109 MP: 14/14
 10057 | D:9      | Reached skill level 11 in Fighting
 10458 | D:9      | Found a white marble altar of Elyvilon.
 10497 | D:9      | Found a staircase to the Lair.
 10675 | D:9      | Learned a level 6 spell: Iron Shot
 10802 | D:9      | Reached skill level 5 in Spellcasting
 10883 | D:9      | Reached *** piety under Kikubaaqudgha
 10883 | D:9      | Identified Kikubaaqudgha's Reference Book on Unholy Secrets (Kikubaaqudgha gifted it to you on level 9 of the Dungeon)
 10883 | D:9      | Received a gift from Kikubaaqudgha
 10902 | D:9      | Reached skill level 1 in Conjurations
 12024 | D:10     | Entered Level 10 of the Dungeon
 12180 | D:10     | Reached skill level 12 in Fighting
 12298 | D:10     | Noticed a two-headed hydra
 12309 | D:10     | Killed a two-headed hydra
 12309 | D:10     | Reached skill level 5 in Conjurations
 12469 | D:10     | Reached **** piety under Kikubaaqudgha
 12577 | D:10     | Reached XP level 11. HP: 121/122 MP: 18/18
 12589 | D:10     | Found Osipuyggo's Book Shop.
 12656 | D:10     | Noticed Gastronok
 12683 | D:10     | Killed Gastronok
 12861 | D:10     | Found a staircase to the Orcish Mines.
 13497 | D:11     | Noticed Urug
 13520 | D:10     | Killed Urug
 13685 | D:10     | Reached skill level 13 in Fighting
 13953 | D:10     | Reached skill level 1 in Maces & Flails
 14755 | D:8      | Reached ***** piety under Kikubaaqudgha
 15011 | D:8      | Killed Ferkelamun's ghost
 15374 | D:8      | Found a sacrificial altar of Ru.
 15527 | Lair:1   | Entered Level 1 of the Lair of Beasts
 16305 | Lair:1   | Noticed a five-headed hydra
 16321 | Lair:1   | Killed a five-headed hydra
 16774 | Lair:1   | Learned a level 5 spell: Bolt of Draining
 16822 | Lair:2   | Reached skill level 1 in Necromancy
 17196 | Lair:2   | Reached XP level 12. HP: 82/136 MP: 16/22
 18324 | Lair:2   | Found a hole to the Spider Nest.
 18335 | Lair:2   | Learned a level 1 spell: Apportation
 18929 | Lair:2   | Reached skill level 5 in Necromancy
 19063 | Lair:2   | Reached skill level 5 in Maces & Flails
 19286 | Lair:3   | Noticed Snorg
 19404 | Lair:3   | Found a staircase to the Swamp.
 20059 | Lair:3   | Noticed a death yak
 20060 | Lair:3   | Noticed a death yak
 20060 | Lair:3   | Noticed a death yak
 20060 | Lair:3   | Noticed a death yak
 20060 | Lair:3   | Noticed a death yak
 20122 | Lair:2   | Killed a death yak
 20740 | Lair:2   | Killed a death yak
 20786 | Lair:2   | Killed a death yak
 21165 | Lair:3   | Killed a death yak
 21170 | Lair:3   | Killed a death yak
 21299 | Lair:3   | Killed Snorg
 22019 | Lair:4   | Got a jewelled great sword
 22044 | Lair:4   | Identified the +6 great sword "Killer Klown's Regret" {speed, rF+} (You found it on level 4 of the Lair of Beasts)
 23282 | Lair:4   | Found a runed door.
 23330 | Lair:4   | Reached XP level 13. HP: 80/144 MP: 13/23
 24366 | Lair:5   | Found a staircase to the Slime Pits.
 25025 | Lair:6   | Entered Level 6 of the Lair of Beasts
 25050 | Lair:6   | Noticed Rupert
 25669 | Lair:6   | Found a dark tunnel.
 25768 | Volcano  | Entered a volcano
 26719 | Lair:6   | Paralysed by a hornet for 2 turns
 27599 | Lair:6   | Found a runed door.
 27814 | Lair:6   | Killed Rupert
 27986 | Lair:6   | Paralysed by a hornet for 2 turns
 27989 | Lair:6   | Reached ****** piety under Kikubaaqudgha
 29043 | Lair:6   | Noticed an ice dragon
 29052 | Lair:6   | Killed an ice dragon
 29757 | Lair:6   | Reached skill level 10 in Conjurations
 30245 | Lair:2   | Reached skill level 1 in Earth Magic
 31902 | D:11     | Reached XP level 14. HP: 134/153 MP: 18/24
 31972 | D:11     | Noticed Erica
 31974 | D:11     | Killed Erica
 32361 | D:11     | Found a runed door.
 32684 | D:11     | Found a roughly hewn altar of Beogh.
 33231 | D:12     | Found Ifeil's Jewellery Emporium.
 33290 | D:12     | Reached skill level 5 in Earth Magic
 33458 | D:12     | Found a sparkling altar of Nemelex Xobeh.
 33458 | D:12     | Found a transporter.
 34114 | D:13     | Found Moal's Jewellery Shop.
 34930 | D:14     | Learned a level 2 spell: Blink
 35001 | D:13     | Reached skill level 10 in Maces & Flails
 35325 | D:14     | Reached skill level 1 in Armour
 35643 | D:14     | Found a gate to the Vaults.
 36344 | D:14     | Found Geor's Antique Armour Emporium.
 37351 | D:15     | Entered Level 15 of the Dungeon
 37780 | D:15     | Found a staircase to the Depths.
 37781 | D:15     | Noticed a fire giant
 37786 | D:15     | Killed a fire giant
 38747 | D:15     | Found a white marble altar of Elyvilon.
 38983 | D:15     | Reached skill level 5 in Dodging
 38983 | D:15     | Reached skill level 10 in Necromancy
 39064 | D:15     | Reached XP level 15. HP: 158/158 MP: 0/25
 39398 | D:15     | Found a shadowy altar of Dithmenos.
 39644 | Orc:1    | Entered Level 1 of the Orcish Mines
 39872 | Orc:1    | Noticed Josephine
 39982 | Orc:1    | Found a frozen archway.
 40021 | Orc:1    | Reached skill level 5 in Armour
 40169 | IceCv    | Entered an ice cave
 40183 | IceCv    | Demolished by a death yak simulacrum

Skill      XL: |  1  2  3  4  5  6  7  8  9 10 11 12 13 14 15 |
---------------+----------------------------------------------+-----
Ice Magic      | 3 4 5 6 7 |  7.2
Fighting       | 2 3 5 7 9 10 12 13 | 13.0
Summonings     | 3 7 |  7.1
Spellcasting   | 5 6 |  6.7
Conjurations   | 5 7 10 | 10.0
Maces & Flails | 4 6 9 10 | 10.0
Necromancy     | 3 8 9 10 | 10.2
Earth Magic    | 3 5 |  5.2
Dodging        | 5 6 |  6.1
Armour         | 4 5 |  5.2
Stealth        | |  1.4

Action                   |  1- 3 |  4- 6 |  7- 9 | 10-12 | 13-15 || total
-------------------------+-------+-------+-------+-------+-------++-------
Melee: Unarmed           |     9 |       |       |       |       ||     9
       Whip              |       |   225 |   247 |   538 |   188 ||  1198
       Great sword       |       |       |       |     4 |       ||     4
       Giant spiked club |       |       |       |       |   419 ||   419
       Scimitar          |       |       |       |       |     7 ||     7
 Cast: Freeze            |    37 |    36 |    63 |   161 |    27 ||   324
       Ozocubu's Armour  |     2 |    15 |    19 |    59 |    56 ||   151
       Animate Skeleton  |       |       |    10 |    91 |    63 ||   164
       Summon Ice Beast  |       |       |    12 |   193 |   125 ||   330
       Bolt of Draining  |       |       |       |     4 |   179 ||   183
       Blink             |       |       |       |       |     1 ||     1
Evoke: Wand              |       |       |    12 |    15 |    52 ||    79
       Box of beasts     |       |       |       |       |     1 ||     1
  Use: Scroll            |       |       |    20 |     8 |    10 ||    38
       Potion            |       |       |       |     2 |     7 ||     9
 Stab: Sleeping          |       |     4 |     6 |     1 |     3 ||    14
       Paralysed         |       |       |    10 |     7 |       ||    17
       Distracted        |       |       |     1 |     4 |     2 ||     7
       Confused          |       |       |       |     2 |       ||     2
  Eat: Chunk             |     2 |    13 |    12 |    45 |    70 ||   142
       Ration            |       |     1 |     2 |     9 |    15 ||    27
Armor: Robe              |    21 |    77 |   108 |     8 |       ||   214
       Steam dragon scal |       |       |       |   332 |   169 ||   501
       Troll leather arm |       |       |       |       |   133 ||   133
Dodge: Dodged            |    24 |   138 |   145 |   391 |   370 ||  1068
       Rpst.: Scimitar   |       |       |       |       |     1 ||     1
